AoeStats
← otoro1218

Arena

508599634Analyzed
2v2 RM · 10d ago on Sep 23, 2026· 67m 58s· 4 players
Game mode
Random Map
Map size
Medium (4 player)
Population
200
Speed
Normal
Resources
Standard
Victory
Conquest
Starting age
Dark Age
Ending age
Imperial Age
RankedLock teamsTeams togetherTeam positionsShared explorationLock speedFull tech treeHidden civsTurbo modeCheats
Victory
Defeat
🇭🇰 Khmer · Hong Kong SAR China
1037
+15
🇵🇪 Burmese · Peru
994
+18
🇹🇼 Byzantines · Taiwan
1027
-17
🇹🇼 Turks · Taiwan
1017
-16
chenshengyu
11:31 Feudal Age
15:22 Castle Age
17:27 Wheelbarrow
17:59 Gold Mining
18:09 Gold Mining
18:21 Double-Bit Axe
24:02 Atonement
23:53 Horse Collar
25:57 Bow Saw
26:54 Hand Cart
28:07 Gold Shaft Mining
27:23 Stone Mining
28:25 Devotion
28:47 Sanctity
28:41 Redemption
28:43 Fervor
28:44 Squires
28:30 Gambesons
28:11 Pikeman
33:18 Imperial Age
31:11 Heavy Plow
32:20 Fortified Wall
31:57 Treadmill Crane
33:10 Arson
33:38 Scale Mail Armor
33:48 Forging
34:27 Conscription
34:42 Illumination
34:58 Theocracy
34:43 Block Printing
33:52 Halberdier
35:21 Crop Rotation
35:53 Two-Man Saw
35:51 Faith
36:53 Chain Mail Armor
37:14 Iron Casting
38:57 Plate Mail Armor
38:19 Fletching
39:09 Ballistics
39:50 Chemistry
47:01 Elite Varangian Guard
48:47 Bodkin Arrow
55:55 Scale Barding Armor
57:50 Husbandry
57:49 Elite Cataphract
58:54 Logistica
otoro1218
11:03 Feudal Age
9:18 Loom
12:25 Town Watch
12:35 Double-Bit Axe
12:44 Gold Mining
12:42 Horse Collar
18:19 Castle Age
16:38 Stone Mining
19:41 Bow Saw
23:11 Fervor
24:58 Wheelbarrow
25:59 Fletching
26:20 Forging
31:00 Imperial Age
29:31 Bodkin Arrow
30:28 Bloodlines
30:19 Husbandry
30:27 Scale Barding Armor
32:20 Hand Cart
33:29 Heavy Camel Rider
36:46 Artillery
36:27 Elite Janissary
38:00 Bracer
53:17 Two-Man Saw
58:47 Heavy Plow
63:53 Caravan
68:17 Chain Barding Armor
SunTzu_Player
9:45 Feudal Age
17:33 Castle Age
21:08 Loom
22:53 Bloodlines
29:42 Imperial Age
28:09 Gold Mining
28:11 Stone Mining
28:15 Fletching
29:16 Light Cavalry
32:30 Chemistry
32:02 Ballistics
31:38 Murder Holes
31:54 Masonry
31:52 Scale Barding Armor
36:42 Manipur Cavalry
37:27 Chain Barding Armor
37:09 Padded Archer Armor
43:27 Horse Collar
50:02 Heavy Plow
50:05 Scale Mail Armor
50:41 Plate Barding Armor
50:02 Bodkin Arrow
50:55 Man-at-Arms
52:14 Long Swordsman
52:56 Elite Arambai
53:57 Conscription
53:39 Bracer
53:30 Two-Handed Swordsman
55:29 Champion
58:00 Caravan
64:22 Crop Rotation
64:52 Gold Shaft Mining
64:31 Forging
64:37 Chain Mail Armor
66:53 Gambesons
code monkey HK
8:12 Feudal Age
12:44 Castle Age
11:35 Double-Bit Axe
18:24 Horse Collar
20:52 Bow Saw
23:37 Stone Mining
23:51 Heavy Plow
23:43 Gold Mining
24:08 Fervor
25:13 Gold Shaft Mining
25:15 Stone Shaft Mining
28:33 Imperial Age
27:36 Wheelbarrow
26:47 Loom
29:25 Fortified Wall
30:15 Ballistics
30:25 Conscription
30:07 Double Crossbow
32:10 Husbandry
32:21 Bloodlines
32:57 Scale Barding Armor
32:43 Fletching
33:42 Forging
33:35 Padded Archer Armor
33:40 Scale Mail Armor
34:00 Chain Barding Armor
33:43 Murder Holes
34:12 Light Cavalry
35:27 Hand Cart
34:57 Town Watch
35:27 Masonry
36:19 Chemistry
34:57 Hussar
35:41 Bodkin Arrow
36:24 Iron Casting
39:03 Hoardings
38:20 Elite Skirmisher
39:04 Bracer
39:04 Padded Archer Armor
41:12 Plate Barding Armor
41:38 Blast Furnace
40:53 Leather Archer Armor
52:14 Hoardings
51:01 Elite Ballista Elephant
62:00 Pikeman
62:26 Arson
63:20 Halberdier
63:22 Man-at-Arms
Connection lost

Rejoining the realm…

Still unreachable

The connection could not be restored.

Session expired

The server has moved on; the page needs a fresh start.